 Dungeon Crawl Stone Soup version 0.31-a0-232-gb1c03b2570 (webtiles) character file.

Game seed: 11482894867486768579

9 qw the Shooter (level 2, -5/16 HPs)
             Began as a Gargoyle Hexslinger on July 7, 2023.
             Slain by Sigmund
             ... wielding a +0 scythe
              (8 damage)
             ... on level 2 of the Dungeon.
             The game lasted 00:00:13 (528 turns).

qw the Shooter (Gargoyle Hexslinger)                 Turns: 528, Time: 00:00:13

Health: -5/16      AC:  5    Str:  9 (11) XL:     2   Next: 12%
Magic:  3/3        EV: 11    Int: 11 (13) God:
Gold:   15         SH:  0    Dex: 10 (12) Spells: 2/3 levels left

rFire   . . .        Y - +1 sling
rCold   . . .        (no shield)
rNeg    + . .        k - +0 leather armour
rPois   inf          (no helmet)
rElec   +            (no cloak)
rCorr   .            (no gloves)
SInv    .            (no boots)
Will    .....        (no amulet)
Stlth   +            (no ring)
HPRegen 0.22/turn    (no ring)
MPRegen 0.08/turn

%: no passive effects
@: no status effects
A: sickness immunity, AC +2, negative energy resistance 1, electricity
resistance, torment resistance 1, petrification resistance
a: no special abilities


You were on level 2 of the Dungeon.
You visited 1 branch of the dungeon, and saw 2 of its levels.

You collected 33 gold pieces.
You spent 18 gold pieces at shops.


Innate Abilities, Weirdness & Mutations

You are immune to sickness and miasma.
Your stone body is resilient. (AC +2)
You are immune to poison.
You resist negative energy. (rN+)
You are resistant to electric shocks. (rElec)
You are resistant to unholy torment.
You are immune to petrification.


   Skills:
 - Level 1.1 Fighting
 + Level 2.8 Ranged Weapons
 - Level 1.5 Dodging
 - Level 1.0 Spellcasting
 - Level 2.6 Hexes


You had 2 spell levels left.
You knew the following spells:

 Your Spells              Type           Power      Damage    Failure   Level
a - Slow                  Hex            24%        N/A       16%         1

Your spell library contained the following spells:

 Spells                   Type           Power      Damage    Failure   Level
 Inner Flame              Hex/Fire       3%         N/A       61%         3
 Portal Projectile        Hex/Tloc       6%         N/A       61%         3
 Cause Fear               Hex            3%         N/A       83%         4

Inventory:

Hand Weapons
 Y - a +1 sling (weapon)
Armour
 k - a +0 leather armour (worn)
Scrolls
 g - a scroll of identify
Potions
 e - a potion of cancellation {unknown}
 f - a potion of lignification {unknown}
 i - a potion of mutation {unknown}
 j - a potion of brilliance {unknown}

Dungeon Overview and Level Annotations

Branches:
Dungeon (2/15)

Altars:

Shops:
D:1 =(*

Annotations:
D:2 Sigmund


Message History

A kobold comes into view. It is wielding a +0 whip.
The kobold shouts!
You shoot a sling bullet. The sling bullet hits the kobold.
The kobold is heavily wounded.
The kobold throws a stone.
The stone closely misses you.
You shoot a sling bullet. The sling bullet hits the kobold.
You kill the kobold!
Found a whip.
Sigmund and a goblin come into view.
Sigmund is wielding a +0 scythe and wearing a +2 robe of cold resistance.
Sigmund shouts!
The goblin shouts!
Sigmund's eyes start glowing with a red light.
You shoot a sling bullet. The sling bullet hits the goblin.
The goblin is moderately wounded.
Found a stone staircase leading down.
You shoot a sling bullet. The sling bullet hits the goblin.
The goblin is heavily wounded.
Sigmund hits you from afar with a +0 scythe!
The goblin hits you with a +0 club.
You shoot a sling bullet.
The sling bullet barely misses the goblin.
The sling bullet barely misses Sigmund.
The goblin closely misses you.
Sigmund is suddenly surrounded by pale red light.
Sigmund barely misses you.
You shoot a sling bullet.
The sling bullet barely misses the goblin.
The sling bullet closely misses Sigmund.
The goblin barely misses you.
You shoot a sling bullet.
The sling bullet barely misses the goblin.
The sling bullet hits Sigmund but does no damage.
Sigmund hits you from afar with a +0 scythe!
The goblin hits you but does no damage. x2
You shoot a sling bullet.
The sling bullet closely misses the goblin.
The sling bullet closely misses Sigmund.
Sigmund hits you from afar with a +0 scythe!
Ouch! That really hurt!
You die...

#. #.##.### ## .
#>.....#... .##
#......#.# ..# ........
#.# .....# #.# #.# .@..
#.# #)# ######g####.#
##.###.# #.....@)...#
##.#.##.###.####.####.#
..###....##.# #.#
##.#<##..##.###.#..
##.###............
#.##......#######.
#....#.#### .# ####...#
# ##.##


You could see Sigmund and a goblin.

Vanquished Creatures
  2 bats (D:1)
  2 endoplasms (D:1)
  A kobold (D:2)
  3 goblins (D:1)
8 creatures vanquished.

Notes
Turn   | Place    | Note
-------+----------+-------------------------------------------
     0 | D:1      | qw the Gargoyle Hexslinger began the quest for the Orb.
     0 | D:1      | Reached XP level 1. HP: 12/12 MP: 2/2
     0 | D:1      | 0 ||| qw: Version: 0.3-a-46-gb1f654a
     0 | D:1      | 0 ||| qw: Game counter: 2764
     0 | D:1      | 0 ||| qw: Melee chars always use a shield: true
     0 | D:1      | 0 ||| qw: God list: Okawaru
     0 | D:1      | 0 ||| qw: Allow faded altars: false
     0 | D:1      | 0 ||| qw: Do Orc after clearing Dungeon:15 true
     0 | D:1      | 0 ||| qw: Do second Lair branch before Depths: true
     0 | D:1      | 0 ||| qw: Lair rune preference: random
     0 | D:1      | 0 ||| qw: Goals: Normal
     0 | D:1      | 0 ||| PLANNING D:1-11
    26 | D:1      | Found Wawaij's Jewellery Boutique.
    37 | D:1      | 37 ||| SHOPLISTING +6 ring of strength (360 gold, have 0).
    37 | D:1      | 37 ||| SHOPLISTING ring of protection from fire (250 gold,
                  | have 0).
    37 | D:1      | 37 ||| SHOPLISTING ring of willpower (250 gold, have 0).
   125 | D:1      | Found Ridoza's Antique Weapon Emporium.
   157 | D:1      | Found Linkyxut's Assorted Antiques.
   177 | D:1      | 177 ||| BUYING dark potion (18 gold).
   177 | D:1      | Bought a dark potion for 18 gold pieces
   177 | D:1      | 177 ||| SHOPLISTING ring mail (84 gold, have 15).
   177 | D:1      | 177 ||| SHOPLISTING scroll labelled LOEMIOGRIGH (21 gold,
                  | have 15).
   177 | D:1      | 177 ||| SHOPLISTING tapered fluorescent wand (84 gold, have
                  | 15).
   408 | D:1      | Reached XP level 2. HP: 16/16 MP: 3/3
   454 | D:1      | 454 ||| UPGRADING to +0 leather armour.
   464 | D:1      | 464 ||| DROPPING +0 robe.
   465 | D:1      | 465 ||| READING 3 scrolls labelled ITICUG TUNEOLO.
   466 | D:1      | 466 ||| READING 2 scrolls labelled AHUYXE JOAMP.
   467 | D:1      | 467 ||| READING scroll labelled LOEMIOGRIGH.
   472 | D:1      | 472 ||| READING 3 scrolls labelled NIOGYTS UKENUKH.
   473 | D:1      | 473 ||| DRINKING 2 bubbling ruby potions.
   474 | D:1      | 474 ||| DROPPING 2 scrolls of immolation.
   475 | D:1      | 475 ||| DROPPING scroll of poison.
   476 | D:1      | 476 ||| DROPPING potion of degeneration.
   477 | D:1      | 477 ||| DROPPING 2 scrolls of amnesia.
   521 | D:2      | Noticed Sigmund
   527 | D:2      | HP: 2/16 [Sigmund/+0 scythe (7)]
   528 | D:2      | Slain by Sigmund

Levels and vault maps discovered:
D:1:      dpeg_arrival_tiny_f, layout_rooms, serial_shops, shop,
          nicolae_diamond_shop, shop
D:2:      layout_loops_ring, minmay_goblin_kobold_house, uniq_robin,
          uniq_sigmund

Action                     || total
---------------------------++-------
   Fire: Sling             ||    28
    Use: Scroll            ||     4
         Potion            ||     1
 Armour: Robe              ||     2
         Leather armour    ||     2
  Dodge: Dodged            ||     8

Table legend:
 A = Non-vault XP
 B = Vault XP
 C = Vault XP percentage of total XP
 D = Non-vault monster count
 E = Vault monster count
 F = Vault count percentage of total count
                 A         B        C        D         E       F
            +---------+---------+-------+---------+---------+-------
      Total |      13 |       0 |   0.0 |       8 |       0 |   0.0
            +---------+---------+-------+---------+---------+-------
        D:1 |      11 |       0 |   0.0 |       7 |       0 |   0.0
        D:2 |       2 |       0 |   0.0 |       1 |       0 |   0.0
            +---------+---------+-------+---------+---------+-------
